 Dungeon Crawl Stone Soup version 0.31-a0-182-gc5ef74bbde (webtiles) character file.

Game seed: 10115119967246005618

14 frimble the Grasshopper (level 2, -1/19 HPs)
             Began as an Octopode Warper on June 21, 2023.
             Slain by a goblin
             ... wielding a +0 dagger of protection
              (3 damage)
             ... on level 1 of the Dungeon.
             The game lasted 00:00:21 (469 turns).

frimble the Grasshopper (Octopode Warper)            Turns: 469, Time: 00:00:21

Health: -1/19      AC:  1    Str: 10    XL:     2   Next: 45%
Magic:  5/5        EV: 13    Int: 15    God:
Gold:   29         SH:  0    Dex: 11    Spells: 5/5 levels left

rFire   . .          .
                       - Unarmed
rCold   . . .        (no shield)
rNeg    . . .        (helmet restricted)
rPois   .            (no amulet)
rElec   .            (no ring)
rCorr   .            (no ring)
SInv    .            (no ring)
Will    .....        (no ring)
Stlth   ++           (no ring)
HPRegen 0.23/turn    (no ring)
MPRegen 0.09/turn    (no ring)
                     (no ring)

%: no passive effects
@: no status effects
A: almost no armour, amphibious, 8 rings, camouflage 1, gelatinous body 1,
(nimble swimmer 1), tentacles
a: no special abilities


You were on level 1 of the Dungeon.
You visited 1 branch of the dungeon, and saw 1 of its levels.

You collected 29 gold pieces.

Inventory:

Missiles
 b - 7 boomerangs of dispersal (quivered)
 e - 3 poisoned darts
Scrolls
 a - a scroll of blinking
 c - a scroll of poison {unknown}
 d - a scroll of teleportation {unknown}
Potions
 f - a potion of heal wounds {unknown}


   Skills:
 - Level 2.0 Fighting
 - Level 1.0 Throwing
 - Level 2.3 Dodging
 + Level 2.9 Unarmed Combat
 - Level 2.0 Spellcasting
 - Level 3.0 Translocations


You had 5 spell levels left.
You didn't know any spells.
Your spell library contained the following spells:

 Spells                   Type           Power      Damage    Failure   Level
 Blink                    Tloc           20%        N/A       10%         2
 Lesser Beckoning         Tloc           20%        N/A       10%         2
 Teleport Other           Tloc           10%        N/A       19%         3
 Vhi's Electric Charge    Tloc/Air       12%        N/A       34%         3
 Manifold Assault         Tloc           10%        N/A       54%         4


Dungeon Overview and Level Annotations

Branches:
Dungeon (1/15)

Altars:


Innate Abilities, Weirdness & Mutations

You cannot wear most types of armour.
You are amphibious.
You can wear up to eight rings at the same time.
Your skin changes colour to match your surroundings (Stealth+).
Your rubbery body absorbs attacks. (AC +1, EV +1)
((You are camouflaged when in or above water. (Stealth+)))
You have tentacles for arms and can constrict up to eight enemies at once.


Message History

You constrict the goblin, but do no damage.
The goblin hits you with a +0 dagger of protection.
You are too injured to fight recklessly!
You are too injured to fight recklessly!
You are too injured to fight recklessly!
You are too injured to fight recklessly!
You are too injured to fight recklessly!
You are too injured to fight recklessly!
You are too injured to fight recklessly!
You are too injured to fight recklessly!
You are too injured to fight recklessly!
You completely miss the goblin.
You squeeze the goblin, but do no damage.
You constrict the goblin. The goblin misses you.
You tentacle-slap the goblin.
You squeeze the goblin, but do no damage.
The goblin is severely wounded.
You constrict the goblin, but do no damage.
The goblin hits you with a +0 dagger of protection.
You barely miss the goblin.
The goblin is severely wounded.
You constrict the goblin, but do no damage.
The goblin barely misses you.
The goblin hits you with a +0 dagger of protection.
You release your grip on the goblin.
The goblin attacks as you move away! The goblin closely misses you.
You tentacle-slap the goblin. Your grab misses the goblin.
Your squeeze misses the goblin.
The goblin is heavily wounded.
The goblin closely misses you.
The goblin hits you with a +0 dagger of protection.
You closely miss the goblin. Your grab misses the goblin.
You squeeze the goblin.
You kill the goblin!
The endoplasm hits you. The goblin hits you but does no damage.
The endoplasm freezes you.
You are frozen.
* * * LOW HITPOINT WARNING * * *
The goblin hits you with a +0 dagger of protection.
You die...

....... #
#......##############
#...................#
####....$..............#
>.....................†#
.......................†
.............#####.....#
.......J...............#
.......@.....####.######
.......g........#.#
..............#.#.#
#...........#.# #.#
#.#.#########.# #.# # #.
.# #.# # ## #.# ..#


You could see an endoplasm and a goblin.

Vanquished Creatures
  2 bats (D:1)
  2 endoplasms (D:1)
  A goblin (D:1)
  3 jackals (D:1)
  3 frilled lizards (D:1)
  3 rats (D:1)
14 creatures vanquished.

Notes
Turn   | Place    | Note
-------+----------+-------------------------------------------
     0 | D:1      | frimble the Octopode Warper began the quest for the Orb.
     0 | D:1      | Reached XP level 1. HP: 14/14 MP: 3/3
   239 | D:1      | Reached XP level 2. HP: 10/19 MP: 5/5
   469 | D:1      | Slain by a goblin

Illustrated notes

Levels and vault maps discovered:
D:1:      dpeg_arrival_court, layout_basic

Action                     || total
---------------------------++-------
  Melee: Unarmed           ||    39
         Tentacles         ||    11
         Constrict         ||     7
         Punch             ||     1
   Stab: Sleeping          ||     1
 Armour: Skin              ||     4
  Dodge: Dodged            ||    24

Table legend: (Time is in decaauts)
 A = Elapsed time spent in this place.
 B = Non-inter-level travel time spent in this place.
 C = Inter-level travel time spent in this place.
 D = Time resting spent in this place.
 E = Time spent auto-exploring this place.
 F = Levels seen in this place.
 G = Mean time per level.
                   A        B        C        D        E       F      G
               +--------+--------+--------+--------+--------+-----+--------+
         Total |    467 |    467 |      0 |      0 |    374 |   1 |  467.0 |
       Dungeon |    467 |    467 |      0 |      0 |    374 |   1 |  467.0 |
               +--------+--------+--------+--------+--------+-----+--------+

Top non-repeatable levels by time:
     D:1: 467 daAuts
